 Dungeon Crawl Stone Soup version 0.32-a0-975-g85d4e5bfdb (webtiles) character file.

Game seed: 11809440123472718117

137 trashops the Chopper (level 5, -2/46 HPs)
             Began as a Mountain Dwarf Fighter on Apr 19, 2024.
             Slain by an ogre
             ... wielding a +0 giant club
              (21 damage)
             ... on level 4 of the Dungeon.
             The game lasted 00:04:15 (3134 turns).

trashops the Chopper (Mountain Dwarf Fighter)       Turns: 3134, Time: 00:04:15

Health: -2/46      AC:  7    Str: 21    XL:     5   Next: 0%
Magic:  5/5        EV:  8    Int:  8    God:
Gold:   263        SH:  0    Dex:  9    Spells: 4/4 levels left

rFire   . . .        j - +0 battleaxe
rCold   . . .        (shield currently unavailable)
rNeg    . . .        b - +0 scale mail
rPois   .            (no helmet)
rElec   .            (no cloak)
rCorr   .            (no gloves)
SInv    .            (no boots)
Will    .....        (no amulet) Stlth
                     (no ring)
HPRegen 0.27/turn    (no ring)
MPRegen 0.09/turn

%: no passive effects
@: no status effects
A: runic magic, artefact enchanting
a: no special abilities


You were on level 4 of the Dungeon.
You visited 1 branch of the dungeon, and saw 4 of its levels.

You collected 263 gold pieces.

Inventory:

Hand Weapons
 a - a +0 war axe
 j - a +0 battleaxe (weapon)
 k - a +2 flail of holy wrath
Armour
 b - a +0 scale mail (worn)
 c - a +0 buckler
Scrolls
 e - 2 scrolls of teleportation
 f - 2 scrolls of noise
Potions
 d - a potion of might
 g - 4 potions of curing
 h - 2 potions of brilliance
 i - a potion of lignification


   Skills:
 + Level 3.8 Fighting
 * Level 5.0 Axes
 + Level 4.1 Armour
 + Level 3.6 Shields


You had 4 spell levels left.
You didn't know any spells.
Your spell library contained the following spells:

 Spells                   Type           Power      Damage    Failure   Level
 Apportation              Tloc           0%         N/A       50%         1
 Necrotise                Necr           0%         1d4       50%         1
 Sting                    Conj/Alch      0%         1d3       50%         1
 Summon Small Mammal      Summ           0%         N/A       50%         1
 Blink                    Tloc           0%         N/A       63%         2
 Lesser Beckoning         Tloc           0%         N/A       63%         2
 Momentum Strike          Conj/Tloc      0%         3d8       63%         2
 Call Canine Familiar     Summ           0%         N/A       86%         3
 Summon Blazeheart Golem  Fire/Summ      0%         N/A       99%         4


Dungeon Overview and Level Annotations

Branches:
Dungeon (4/15)
 Temple: D:4-7

Altars:


Innate Abilities, Weirdness & Mutations

Your spellcasting is much less encumbered by armour.
You can use scrolls of enchantment on lesser artefacts.


Message History

There is a stone staircase leading down here.
You climb downwards.
The iguana hisses angrily.
The ogre shouts!
Found a mace.
Found an escape hatch in the ceiling.
There is a stone staircase leading up here.
The iguana bites you but does no damage.
You hit the iguana but do no damage. The iguana bites you.
You barely miss the iguana.
The iguana bites you but does no damage.
The iguana completely misses you.
You hit the iguana.
The iguana is lightly wounded.
The iguana closely misses you.
You hit the iguana but do no damage.
The iguana is lightly wounded.
The iguana bites you. The iguana barely misses you.
You slice the iguana!!
You kill the iguana!
Your Axes skill increases to level 5!
You have reached level 5!
There are no items here.
There is a stone staircase leading up here.
You completely miss the ogre.
The ogre hits you with a +0 giant club!!
You slice the ogre!!
The ogre is severely wounded.
The ogre barely misses you.
You barely miss the ogre.
The ogre is severely wounded.
The ogre closely misses you.
You barely miss the ogre.
The ogre is severely wounded.
The ogre closely misses you.
You barely miss the ogre.
The ogre is severely wounded.
The ogre closely misses you.
You closely miss the ogre.
The ogre is severely wounded.
The ogre hits you with a +0 giant club!!
You die...

#### ....######
.........
#......#
#......+
#......##
#.......# #
#.O@# #.#
......#<#...#
##..# #..#
...............
#####......)...
............
##########<##
... ##


You could see an ogre.

Vanquished Creatures
  An iguana (D:4)
  5 adders
  2 dart slugs (D:2)
  5 orcs (D:3)
  3 ball pythons
  3 bats
  7 endoplasms
  4 giant cockroaches
  3 hobgoblins
  2 jackals (D:2)
  3 quokkas (D:1)
  6 frilled lizards
  4 goblins
  4 kobolds
  4 rats
56 creatures vanquished.

Notes
Turn   | Place    | Note
-------+----------+-------------------------------------------
     0 | D:1      | trashops the Mountain Dwarf Fighter began the quest for the
                  | Orb.
     0 | D:1      | Reached XP level 1. HP: 19/19 MP: 1/1
   123 | D:1      | Found a faded altar of an unknown god.
   249 | D:1      | Reached XP level 2. HP: 26/26 MP: 2/2
   479 | D:1      | Reached skill level 3 in Axes
  1075 | D:2      | Reached XP level 3. HP: 31/31 MP: 3/3
  1736 | D:2      | Reached skill level 4 in Axes
  2078 | D:3      | Reached XP level 4. HP: 19/40 MP: 4/4
  3116 | D:4      | Noticed an ogre
  3123 | D:4      | Reached skill level 5 in Axes
  3123 | D:4      | Reached XP level 5. HP: 37/46 MP: 5/5
  3134 | D:4      | Slain by an ogre

Illustrated notes

Levels and vault maps discovered:
D:1:      dpeg_arrival_windows_large_door, layout_basic,
          chequers_ecumenical_altar_island, minmay_misc_feat_hallway
D:2:      layout_basic
D:3:      layout_basic, lemuel_flame_loot_1
D:4:      layout_basic, minmay_temple_entry_hall

Skill      XL: |  1  2  3  4 |
---------------+-------------+-----
Axes           | 3 4 5 |  5.0
Armour         | 4 |  4.1
Fighting       | |  3.8
Shields        | |  3.6

Action                     |  1- 3 |  4- 6 || total
---------------------------+-------+-------++-------
  Melee: War axe           |    85 |       ||    85
         Battleaxe         |    68 |    58 ||   126
    Use: Scroll            |     2 |     5 ||     7
         Potion            |     1 |       ||     1
 Armour: Scale mail        |   138 |    46 ||   184
  Dodge: Dodged            |    74 |    39 ||   113
  Block: Buckler           |    16 |       ||    16

Table legend: (Time is in decaauts)
 A = Elapsed time spent in this place.
 B = Non-inter-level travel time spent in this place.
 C = Inter-level travel time spent in this place.
 D = Time resting spent in this place.
 E = Time spent auto-exploring this place.
 F = Levels seen in this place.
 G = Mean time per level.
                   A        B        C        D        E       F      G
               +--------+--------+--------+--------+--------+-----+--------+
         Total |   3243 |   3136 |    107 |     48 |   2518 |   4 |  810.8 |
       Dungeon |   3243 |   3136 |    107 |     48 |   2518 |   4 |  810.8 |
               +--------+--------+--------+--------+--------+-----+--------+

Top non-repeatable levels by time:
     D:3: 1136 daAuts
     D:1: 1064 daAuts
     D:2: 1019 daAuts
     D:4: 22 daAuts
